 Dungeon Crawl Stone Soup version 0.25-a0-1133-g93ebf739aa (webtiles) character file.

Game seed: 15122715580826890964, levelgen mode: deterministic

133 Masnef the Ruffian (level 4, -2/42 HPs)
             Began as a Troll Gladiator on May 21, 2020.
             Slain by an orc priest
             ... wielding a +0 flail
              (9 damage)
             ... on level 3 of the Dungeon.
             The game lasted 00:01:32 (1485 turns).

Masnef the Ruffian (Troll Gladiator)                Turns: 1485, Time: 00:01:33

Health: -2/42      AC:  6    Str: 22    XL:     4   Next: 94%
Magic:  3/3        EV: 10    Int:  5    God:
Gold:   106        SH:  0    Dex: 11    Spells: 1/3 levels left

rFire    . . .     SeeInvis .     - Unarmed
rCold    . . .     Gourm    +   (no shield)
rNeg     . . .     Faith    .   a - +0 robe
rPois    .         Spirit   .   b - +0 hat
rElec    .         Reflect  .   (no cloak)
rCorr    .         Harm     .   (gloves unavailable)
MR       .....                  (boots unavailable)
Stlth    +.........             (no amulet)
HPRegen  0.54/turn              (no ring)
MPRegen  0.08/turn              (no ring)

@: no status effects
A: large, unfitting armour, claws 3, fast metabolism 3, gourmand, regeneration
1, shaggy fur 1, tough skin 3
a: no special abilities


You were on level 3 of the Dungeon.
You were very full.

You visited 1 branch of the dungeon, and saw 3 of its levels.

You collected 106 gold pieces.

Inventory:

Missiles
 c - 3 throwing nets (quivered)
Armour
 a - a +0 robe (worn)
 b - a +0 hat (worn)
 r - a cursed -1 buckler
Scrolls
 e - 7 scrolls of identify {unknown}
 g - 2 scrolls of magic mapping {unknown}
 i - a scroll of amnesia {unknown}
 n - 3 scrolls of remove curse {unknown}
Potions
 f - 2 potions of degeneration {unknown}
 h - a potion of lignification {unknown}
 j - a potion of stabbing {unknown}
 k - a potion of brilliance {unknown}
 l - a potion of might {unknown}
 m - a potion of curing {unknown}
 p - 2 potions of berserk rage {unknown}
 q - 2 potions of haste {unknown}
Comestibles
 d - 4 rations


   Skills:
 - Level 1.9 Fighting
 - Level 1.9 Throwing
 - Level 3.0 Dodging
 + Level 4.7 Unarmed Combat
 * Level 0.3 Translocations


You had one spell level left.
You knew the following spells:

 Your Spells              Type           Power        Failure   Level  Hunger
a - Blink                 Tloc           N/A          56%         2    ###....

Your spell library contained the following spells:

 Spells                   Type           Power        Failure   Level  Hunger
 Magic Dart               Conj           #...         47%         1    ##.....
 Call Imp                 Summ           #.......     63%         2    ###....
 Slow                     Hex            #.......     63%         2    ###....
 Conjure Flame            Conj/Fire      #.......     85%         3    ####...
 Mephitic Cloud           Conj/Pois/Air  #.......     85%         3    ####...


Dungeon Overview and Level Annotations

Branches:
Dungeon (3/15)

Altars:


Innate Abilities, Weirdness & Mutations

You are too large for most types of armour.
You have claws for hands.
Your metabolism is lightning-fast.
You like to eat raw meat.
Your natural rate of healing is unusually fast.
You are covered in fur. (AC +1)
You have extremely tough skin. (AC +3)


Message History

An orc comes into view. It is wielding a +0 flail.
You barely miss something.
You hear some strange, mumbled words.
A puff of flame appears from out of thin air!
The puff of flame hits you!
You are too injured to fight recklessly!
You are too injured to fight recklessly!
You are too injured to fight recklessly!
You are too injured to fight recklessly!
You barely miss something. Something hits you.
An orc priest comes into view. It is wielding a +0 mace.
You claw something! Something hits you but does no damage.
You claw something!
Reactivating autopickup.
You feel a bit more experienced.
The orc priest mumbles some strange prayers to Beogh against you.
Beogh smites you!
* * * LOW HITPOINT WARNING * * *
The orc priest hits you with a +0 flail!
You die...

#.# #.# ##.##
.#####<#.#####
......###....#
######.#.###.#
##.## #.# #
#.####.#####o#
#.........@oo#
######.#######
#.# #.# ..#
###


You could see 2 orc priests and an orc.

Vanquished Creatures
  A scorpion (D:2)
  An orc wizard (D:3)
  An adder (D:2)
  2 oozes (D:1)
  2 worms (D:2)
  2 dart slugs (D:1)
  An orc (D:3)
  A giant cockroach (D:1)
  4 hobgoblins
  2 jackals (D:2)
  4 kobolds (D:1)
  A ball python (D:1)
  4 bats
  4 frilled lizards
  5 goblins
  2 rats (D:1)
37 creatures vanquished.

Notes
Turn   | Place    | Note
-------+----------+-------------------------------------------
     0 | D:1      | Masnef the Troll Gladiator began the quest for the Orb.
     0 | D:1      | Reached XP level 1. HP: 19/19 MP: 0/0
   100 | D:1      | Reached XP level 2. HP: 26/27 MP: 1/1
   420 | D:1      | Reached XP level 3. HP: 34/35 MP: 2/2
   839 | D:2      | Reached skill level 4 in Unarmed Combat
   894 | D:2      | Noticed a scorpion
   901 | D:2      | Killed a scorpion
   901 | D:2      | Reached XP level 4. HP: 39/42 MP: 3/3
   942 | D:2      | Learned a level 2 spell: Blink
  1048 | D:2      | Found a faded altar of an unknown god.
  1485 | D:3      | Slain by an orc priest

Illustrated notes

Levels and vault maps discovered:
D:1:      zaba_arrival_water, layout_loops_cross
D:2:      layout_loops_ring, chequers_ecumenical_altar_twisty,
          nrook_mini_backslash
D:3:      layout_loops_ring, old_standard_altar, first_ration

Skill      XL: |  1  2  3 |
---------------+----------+-----
Unarmed Combat | 4 |  4.7
Dodging        | 3 |  3.0
Fighting       | |  1.9
Throwing       | |  1.9
Translocations | |  0.3

Action                   |  1- 3 |  4- 6 || total
-------------------------+-------+-------++-------
Melee: Unarmed           |    93 |    21 ||   114
 Stab: Sleeping          |     1 |       ||     1
  Eat: Chunk             |    14 |     4 ||    18
Armor: Robe              |    49 |     3 ||    52
Dodge: Dodged            |    53 |     6 ||    59

Table legend:
 A = Non-vault XP
 B = Vault XP
 C = Vault XP percentage of total XP
 D = Non-vault monster count
 E = Vault monster count
 F = Vault count percentage of total count
                 A         B        C        D         E       F
            +---------+---------+-------+---------+---------+-------
      Total |     191 |       0 |   0.0 |      37 |       0 |   0.0
            +---------+---------+-------+---------+---------+-------
        D:1 |      49 |       0 |   0.0 |      23 |       0 |   0.0
        D:2 |     104 |       0 |   0.0 |      12 |       0 |   0.0
        D:3 |      38 |       0 |   0.0 |       2 |       0 |   0.0
            +---------+---------+-------+---------+---------+-------
